 Dungeon Crawl Stone Soup version 0.24.0-13-gcf9b3192b9 (webtiles) character file.

Game seed: 17356760638649580351, levelgen mode: deterministic

5370 Bram the Frost Mage (level 10, -2/59 HPs)
             Began as a Kobold Ice Elementalist on Nov 8, 2019.
             Was a Follower of Kikubaaqudgha.
             Slain by Nergalle
             ... wielding a +3 dagger of electrocution
              (17 damage)
             ... on level 10 of the Dungeon.
             The game lasted 00:27:12 (11312 turns).

Bram the Frost Mage (Kobold Ice Elementalist)      Turns: 11312, Time: 00:27:13

Health: -2/59      AC: 10    Str:  8    XL:     10   Next: 97%
Magic:  9/17       EV: 15    Int: 20    God:    Kikubaaqudgha [*.....]
Gold:   554        SH:  0    Dex: 19    Spells: 11/19 levels left

rFire    . . .     SeeInvis +   a - +6 hunting sling "Wiryawus" {venom, Str+3 SInv}
rCold    . . .     Gourm    .   (shield restricted)
rNeg     + . .     Faith    .   o - +2 ring mail {rN+}
rPois    .         Spirit   .   (no helmet)
rElec    .         Reflect  .   (no cloak)
rCorr    .         Harm     .   k - +1 pair of gloves
MR       .....                  G - +0 pair of boots
Stlth    ++........             (no amulet)
HPRegen  0.19/turn              A - +3 ring of dexterity
MPRegen  0.15/turn              t - +3 ring of slaying

@: lightly drained
A: small, carnivore
a: Receive Corpses, Renounce Religion


You were on level 10 of the Dungeon.
You worshipped Kikubaaqudgha.
Kikubaaqudgha was aware of your devotion.
You were not hungry.

You visited 2 branches of the dungeon, and saw 11 of its levels.

You collected 554 gold pieces.

Inventory:

Hand Weapons
 a - the +6 hunting sling "Wiryawus" (weapon) {venom, Str+3 SInv}
   (You found it on level 6 of the Dungeon)

   It poisons the ammo it fires.
   It affects your strength (+3).
   It lets you see invisible.
 b - a +2 dagger of freezing
 d - a +0 hunting sling
 E - a +5 long sword
Missiles
 h - 240 stones (quivered)
 v - 28 poisoned darts
 y - 228 arrows
 J - 75 sling bullets
Armour
 k - a +1 pair of gloves (worn)
 o - a +2 ring mail of positive energy (worn)
 B - a +0 robe
 G - a +0 pair of boots (worn)
 H - a +0 leather armour of fire resistance
Jewellery
 t - a +3 ring of slaying (right hand)
 A - a +3 ring of dexterity (left hand)
 N - a +2 amulet of reflection
Scrolls
 f - 2 scrolls of immolation
 g - 8 scrolls of remove curse
 i - 2 scrolls of noise {unknown}
 j - 5 scrolls of blinking {unknown}
 p - 2 scrolls of amnesia {unknown}
 q - 2 scrolls of teleportation {unknown}
 w - 4 scrolls of identify
 x - a scroll of random uselessness {unknown}
 z - 3 scrolls of fog {unknown}
 D - 3 scrolls of fear {unknown}
 F - a scroll of magic mapping {unknown}
 I - 2 scrolls of vulnerability {unknown}
 M - a scroll of torment {unknown}
Potions
 e - 3 potions of mutation {unknown}
 l - 3 potions of heal wounds {unknown}
 m - 5 potions of flight
 n - 7 potions of curing
 r - 2 potions of brilliance {unknown}
 s - a potion of might {unknown}
 u - a potion of haste {unknown}
 C - a potion of ambrosia {unknown}
 K - 2 potions of degeneration {unknown}
 L - a potion of agility {unknown}
Comestibles
 c - 19 rations


   Skills:
 - Level 5.2(4.9) Fighting
 - Level 5.3(5.0) Dodging
 - Level 4.0(3.6) Stealth
 + Level 5.2(4.9) Spellcasting
   Level 1.0(0.7) Conjurations
 - Level 9.0(8.6) Summonings
 + Level 0.9(0.6) Necromancy
 - Level 10.0(9.6) Ice Magic


You had 11 spell levels left.
You knew the following spells:

 Your Spells              Type           Power        Failure   Level  Hunger
a - Freeze                Ice            ####         1%          1    None
b - Summon Ice Beast      Ice/Summ       #####...     9%          4    ####...
c - Vampiric Draining     Necr           #.........   63%         3    ##.....

Your spell library contained the following spells:

 Spells                   Type           Power        Failure   Level  Hunger
 Throw Frost              Conj/Ice       ####..       6%          2    #......
 Ozocubu's Armour         Chrm/Ice       ###.....     16%         3    ##.....
 Animate Skeleton         Necr           N/A          28%         1    None
 Pain                     Necr           #...         28%         1    None
 Sublimation of Blood     Necr           #.........   38%         2    #......
 Throw Icicle             Conj/Ice       ####....     38%         4    ####...


Dungeon Overview and Level Annotations

Branches:
Dungeon (10/15)            Temple (1/1) D:7             Orc (0/2) D:9
   Lair: D:8-11

Altars:
Ashenzari
Cheibriados
Dithmenos
Elyvilon
Fedhas
Gozag
Hepliaklqana
Kikubaaqudgha
Makhleb
Nemelex Xobeh
Okawaru
Qazlal
Ru
Sif Muna
Trog
Uskayaw
Vehumet
Wu Jian
Xom
Yredelemnul
Zin
The Shining One

Annotations:
D:2 Robin
D:4 2 transporters
D:6 3 runed translucent doors, Peloso's ghost, novice MiFi
D:10 Nergalle


Innate Abilities, Weirdness & Mutations

You are small and have problems with some larger weapons.
You are carnivorous and can eat meat at any time.


Message History

* * * LOW HITPOINT WARNING * * *
The worker ant completely misses you.
Unknown command.
You feel better. The worker ant closely misses you.
Nergalle hits you with a +3 dagger of electrocution.
* * * LOW HITPOINT WARNING * * *
Okay, then.
Casting: Freeze (safe; 1% risk of failure)
Confirm with . or Enter, or press ? or * to list all spells.
Aiming: Freeze (safe; 1% risk of failure)
Press: ? - help, Shift-Dir - straight line, f/p - Nergalle
Aim: Nergalle, wielding a +3 dagger of electrocution and wearing a +0 robe (almost dead)
You freeze Nergalle!
Nergalle is almost dead.
The worker ant closely misses you. Nergalle misses you.
You feel better.
The worker ant bites you but does no damage.
Nergalle hits you but does no damage.
You are electrocuted!
You die...
Kikubaaqudgha rasps: "You have failed me!
Welcome... death!"

#####################
.....................
.......######..#####
####...######..#
####...........########.
.................a......
.....#####......@oZ...((
###..# #..#######.(###
#..# #..# .#
#..#####..##
###...........
..............
######..#####
######..#####
..............


You could see Nergalle, a spectral orc and a worker ant.

Vanquished Creatures
  Joseph (D:8)
  A hippogriff (D:10)
  A spriggan (D:8)
  A hungry ghost (D:8)
  A steam dragon (D:8)
  Edmund (D:4)
  2 water moccasins
  4 sky beasts
  A phantom (D:8)
  5 orc warriors
  2 ice beasts
  4 ogres
  9 centaurs
  A big kobold (D:7)
  A gnoll sergeant (D:7)
  9 bullfrogs
  A wyvern skeleton (D:9)
  3 wights (D:7)
  A howler monkey (D:7)
  3 crimson imps (D:5)
  3 hounds
  A bullfrog zombie (D:5)
  A jelly (D:9)
  5 orc priests
  3 iguanas
  Jessica (D:3)
  Natasha (thrice) (D:3)
  An orc wizard (D:8)
  3 worker ants
  A howler monkey zombie (D:6)
  6 gnolls
  10 adders
  A shadow imp (D:5)
  2 oozes
  An adder skeleton (D:9)
  3 worms
  4 dart slugs
  5 leopard geckos
  39 orcs
  10 giant cockroaches
  9 goblins
  9 hobgoblins
  3 jackals (D:7)
  12 kobolds
  3 quokkas
  2 ball pythons
  12 bats
  4 frilled lizards
  A jackal skeleton (D:6)
  A leopard gecko zombie (D:5)
  A quokka skeleton (D:7)
  A quokka zombie (D:7)
  2 rats (D:2)
215 creatures vanquished.

Vanquished Creatures (others)
  A goblin (D:1)
1 creature vanquished.

Grand Total: 216 creatures vanquished

Notes
Turn   | Place    | Note
-------+----------+-------------------------------------------
     0 | D:1      | Bram the Kobold Ice Elementalist began the quest for the
                  | Orb.
     0 | D:1      | Reached XP level 1. HP: 10/10 MP: 3/3
   240 | D:1      | Reached XP level 2. HP: 15/15 MP: 1/5
   882 | D:1      | Reached XP level 3. HP: 20/20 MP: 6/6
  1090 | D:2      | Reached skill level 1 in Fighting
  1162 | D:2      | Noticed Robin
  1170 | D:2      | Reached XP level 4. HP: 25/25 MP: 5/7
  1863 | D:2      | Found an ornate altar of the Wu Jian Council.
  2068 | D:3      | Noticed Jessica
  2074 | D:3      | Killed Jessica
  2074 | D:3      | Reached XP level 5. HP: 21/30 MP: 4/8
  2861 | D:3      | Noticed Natasha
  2865 | D:3      | Killed Natasha
  2865 | D:3      | Reached skill level 4 in Ice Magic
  2964 | D:3      | Reached XP level 6. HP: 36/36 MP: 4/9
  2976 | D:3      | Noticed Natasha
  2988 | D:3      | Killed Natasha
  3142 | D:3      | Noticed Natasha
  3149 | D:3      | Killed Natasha
  3223 | D:3      | Found an opulent altar of Gozag.
  3876 | D:4      | Noticed an ogre
  3894 | D:4      | Killed an ogre
  4110 | D:4      | Found a transporter.
  4155 | D:4      | Found a transporter.
  4414 | D:4      | Reached XP level 7. HP: 41/41 MP: 8/10
  4495 | D:5      | Entered Level 5 of the Dungeon
  4501 | D:5      | Noticed a water moccasin
  4509 | D:5      | Killed a water moccasin
  4509 | D:5      | Reached skill level 5 in Dodging
  4511 | D:5      | Reached skill level 5 in Ice Magic
  4604 | D:5      | Noticed Edmund
  4744 | D:4      | Killed Edmund
  5069 | D:5      | Reached skill level 5 in Fighting
  5069 | D:5      | Reached XP level 8. HP: 38/49 MP: 5/11
  5122 | D:5      | Learned a level 4 spell: Summon Ice Beast
  5194 | D:4      | Reached skill level 6 in Ice Magic
  5815 | D:5      | Reached skill level 7 in Ice Magic
  5946 | D:5      | Reached skill level 1 in Summonings
  6706 | D:6      | Got a transparent hunting sling
  6749 | D:6      | Identified the +6 hunting sling "Wiryawus" {venom, Str+3
                  | SInv} (You found it on level 6 of the Dungeon)
  6879 | D:6      | Reached XP level 9. HP: 54/54 MP: 12/12
  6910 | D:6      | Reached skill level 8 in Ice Magic
  7051 | D:6      | Found a runed translucent gate.
  7051 | D:6      | Found a runed translucent gate.
  7052 | D:6      | Found a runed translucent gate.
  7054 | D:6      | Noticed Peloso's ghost (novice MiFi)
  7871 | D:7      | Reached skill level 5 in Summonings
  7892 | D:7      | Found a staircase to the Ecumenical Temple.
  7925 | Temple   | Entered the Ecumenical Temple
  8012 | Temple   | Became a worshipper of Kikubaaqudgha
  8030 | D:7      | Reached skill level 9 in Ice Magic
  9012 | D:8      | Reached XP level 10. HP: 59/59 MP: 13/13
  9201 | D:8      | Reached skill level 10 in Ice Magic
  9283 | D:8      | Reached * piety under Kikubaaqudgha
  9283 | D:8      | Identified Kikubaaqudgha's Guide on Dark Arts
                  | (Kikubaaqudgha gifted it to you on level 8 of the Dungeon)
  9283 | D:8      | Received a gift from Kikubaaqudgha
  9539 | D:8      | Noticed Joseph
  9556 | D:8      | Killed Joseph
 10433 | D:9      | Found a staircase to the Orcish Mines.
 11016 | D:10     | Entered Level 10 of the Dungeon
 11053 | D:10     | Reached skill level 5 in Spellcasting
 11150 | D:10     | Learned a level 3 spell: Vampiric Draining
 11291 | D:10     | Noticed Nergalle
 11312 | D:10     | Slain by Nergalle

Levels and vault maps discovered:
D:1:      minmay_arrival_solitary_statue, layout_loops_cross,
          lemuel_old_faithful
D:2:      layout_loops_ring, lemuel_round_altar, uniq_robin
D:3:      layout_basic, nicolae_gozag_cash_rules_everything_around_me,
          uniq_natasha, uniq_jessica
D:4:      gammafunk_wand_slinger, layout_rooms, first_ration,
          wad_floor_pattern_2, kennysheep_generic_room_8
D:5:      layout_rooms, grunt_ministairs_14, nrook_uturn, st_stairs_6,
          sigmund_army, uniq_edmund
D:6:      layout_basic, ebering_ghost_rock_garden
D:7:      layout_loops_ring, minmay_temple_entry_gardened_gates
D:8:      layout_cave_pools, the_bakery, uniq_joseph
D:9:      layout_loops_corners, david_orc_2, minmay_circle_x
D:10:     layout_long_grid, serial_shops, kennysheep_mini_moat,
          nicolae_trove_entry_crossroad, uniq_psyche, uniq_harold, uniq_nergalle
Temple:   grunt_wide_crystal_templ

Skill      XL: |  1  2  3  4  5  6  7  8  9 10 |
---------------+-------------------------------+-----
Stealth        | 3 4 |  4.0
Fighting       | 1 2 3 5 |  5.2
Dodging        | 3 4 5 |  5.3
Ice Magic      | 4 5 7 9 10 | 10.0
Summonings     | 2 6 9 |  9.0
Spellcasting   | 5 |  5.2
Conjurations   | |  1.0
Necromancy     | |  0.9

Action                   |  1- 3 |  4- 6 |  7- 9 | 10-12 || total
-------------------------+-------+-------+-------+-------++-------
Melee: Unarmed           |     6 |       |       |       ||     6
       Dagger            |     7 |    17 |    49 |       ||    73
 Fire: Hunting sling     |       |       |   146 |   169 ||   315
Throw: Dart              |       |     4 |       |       ||     4
 Cast: Freeze            |    30 |   102 |   121 |    33 ||   286
  Use: Scroll            |       |       |     6 |       ||     6
       Potion            |       |       |       |     3 ||     3
 Stab: Sleeping          |     4 |     4 |       |       ||     8
  Eat: Chunk             |     6 |    15 |    14 |     8 ||    43
       Ration            |       |       |       |     1 ||     1
Armor: Robe              |     5 |     4 |       |       ||     9
       Ring mail         |       |    27 |    48 |    53 ||   128
Dodge: Dodged            |    23 |    63 |   142 |    91 ||   319
